 Dungeon Crawl Stone Soup version 0.24-a0-165-g1b465fe (webtiles) character file.

Game seed: 10471374075054079553

5 Dfrag the Firebug (level 1, 15/15 HPs)
             Began as a Naga Fire Elementalist on Mar 6, 2019.
             Quit the game on level 1 of the Dungeon.
             The game lasted 00:00:46 (321 turns).

Dfrag the Firebug (Naga Fire Elementalist)           Turns: 321, Time: 00:00:46

Health: 15/15      AC:  1    Str: 10    XL:     1   Next: 80%
Magic:  2/3        EV: 10    Int: 15    God:
Gold:   40         SH:  0    Dex: 11    Spells: 3/4 levels left

rFire    . . .     SeeInvis +   (no weapon)
rCold    . . .     Gourm    .   (no shield)
rNeg     . . .     Faith    .   a - +0 robe
rPois    +         Spirit   .   (no helmet)
rElec    .         Reflect  .   (no cloak)
rCorr    .         Harm     .   (no gloves)
MR       .....                  (no barding)
Stlth    ++........             (no amulet)
HPRegen  0.05/turn              (no ring)
MPRegen  0.08/turn              (no ring)

@: short of breath, very slow
A: large, see invisible, deformed body, poison resistance, slowness 2, slow
metabolism 1, spit poison 1, AC +0
a: Spit Poison


You were on level 1 of the Dungeon.
You were not hungry.

You visited 1 branch of the dungeon, and saw 1 of its levels.

You collected 40 gold pieces.

Inventory:

Armour
 a - a +0 robe (worn)
Comestibles
 c - 3 rations


   Skills:
 - Level 1.5 Dodging
 - Level 3.0 Stealth
 + Level 2.1 Spellcasting
 + Level 1.2 Conjurations
 + Level 3.1 Fire Magic


You had 3 spell levels left.
You knew the following spells:

 Your Spells              Type           Power        Failure   Level  Hunger
a - Flame Tongue          Conj/Fire      #....        9%          1    #......

Your spell library contained the following spells:

 Spells                   Type           Power        Failure   Level  Hunger
 Throw Flame              Conj/Fire      #.....       14%         2    ###....
 Conjure Flame            Conj/Fire      #.......     26%         3    ###....
 Inner Flame              Hex/Fire       #.......     34%         3    ###....
 Sticky Flame             Conj/Fire      #.......     65%         4    #####..
 Fireball                 Conj/Fire      #.........   94%         5    ######.


Dungeon Overview and Level Annotations

Branches:
Dungeon (1/15)

Altars:


Innate Abilities, Weirdness & Mutations

You cannot wear boots.
Your serpentine skin is tough. (AC +0)
You have supernaturally acute eyesight. (SInv)
Armour fits poorly on your strangely shaped body.
Your system is resistant to poisons. (rPois)
You cover ground very slowly.
You have a slow metabolism.
You can spit poison.


Message History

Unknown command.
Casting: Flame Tongue (safe; 9% risk of failure)
Confirm with . or Enter, or press ? or * to list all spells.
You can't see any susceptible monsters within range! (Use Z to cast anyway.) Unknown command.
A rat comes into view.
A rat is nearby!
A rat is nearby!
A rat is nearby!
Press: ? - help, Shift-Dir - straight line, f - rat
Aim: a rat (resting)
The splash of poison hits the rat.
The rat is poisoned.
You kill the rat!
You feel slightly more hungry.
Unknown command.
Are you sure you want to abandon this character and quit the game? (Confirm with "yes".)
Okay, then.
Unknown command.
Unknown command.
Are you sure you want to abandon this character and quit the game? (Confirm with "yes".)

#...........####.##.####.#....
# ##...#.####.# #.##.# #.###..
######.##.####.####.##.. ...
..
....##.##...........#####.#...
. ###..†.....###.###### #.####
# ####.##.####.# # #.##......#
#.############### #.#
#...@....# #.# #.######†#
#.######.##### #............#
........#.###(###.#
#####.....# #†# #.....## #..
##...## #### ##.##


There were no monsters in sight!

Vanquished Creatures
  A leopard gecko (D:1)
  A frilled lizard (D:1)
  4 rats (D:1)
6 creatures vanquished.

Notes
Turn   | Place    | Note
-------+----------+-------------------------------------------
     0 | D:1      | Dfrag the Naga Fire Elementalist began the quest for the
                  | Orb.
     0 | D:1      | Reached XP level 1. HP: 15/15 MP: 3/3
   321 | D:1      | Quit the game

Levels and vault maps discovered:
D:1:      eino_arrival_water_cross, layout_loops_corners

Action                   || total
-------------------------++-------
Melee: Unarmed           ||     4
 Cast: Flame Tongue      ||     4
 Abil: Spit Poison       ||     4
Dodge: Dodged            ||     5

Table legend:
 A = Non-vault XP
 B = Vault XP
 C = Vault XP percentage of total XP
 D = Non-vault monster count
 E = Vault monster count
 F = Vault count percentage of total count
                 A         B        C        D         E       F
            +---------+---------+-------+---------+---------+-------
      Total |       8 |       0 |   0.0 |       6 |       0 |   0.0
            +---------+---------+-------+---------+---------+-------
        D:1 |       8 |       0 |   0.0 |       6 |       0 |   0.0
            +---------+---------+-------+---------+---------+-------
